 Dungeon Crawl Stone Soup version 0.30-a0-1066-g63dfefce0d (webtiles) character file.

Game seed: 10296318818640502117

144 senseless the Ducker (level 5, -2/70 HPs)
             Began as a Gnoll Monk on Apr 12, 2023.
             Slain by an orc
             ... wielding a +2 flail of protection
              (7 damage)
             ... on level 3 of the Dungeon.
             The game lasted 00:07:21 (1682 turns).

senseless the Ducker (Gnoll Monk)                   Turns: 1682, Time: 00:07:22

Health: -2/70      AC: 22    Str: 11    XL:     5   Next: 27%
Magic:  7/7        EV:  2    Int:  9    God:
Gold:   57         SH:  5    Dex: 22    Spells: 7/7 levels left

rFire   + . .      SeeInvis .    a - +2 dagger (speed)
rCold   . . .      Faith    .    u - +0 buckler
rNeg    . . .      Spirit   .    f - melded +0 robe
rPois   +          Reflect  .    (helmet currently unavailable)
rElec   .          Rampage  .    (cloak currently unavailable)
rCorr   .          NoTele   +    q - melded +2 pair of gloves {Str+3}
Will    .....                    h - melded +0 pair of boots
Stlth   +++                      (no amulet)
HPRegen 0.31/turn                v - +6 ring of dexterity
MPRegen 0.10/turn                t - ring of protection from fire

@: tree-form (expiring)
A: stationary, stasis, torment immunity, boosted hp, (fangs 1), strong nose,
distributed training
a: no special abilities


You were on level 3 of the Dungeon.
You were a tree.
You visited 1 branch of the dungeon, and saw 3 of its levels.

You collected 197 gold pieces.
You spent 140 gold pieces at shops.

Inventory:

Hand Weapons
 a - a +2 dagger of speed (weapon)
 b - a +4 sling
Missiles
 e - 6 boomerangs
 m - 5 poisoned darts
Armour
 d - an orb of light
 f - a +0 robe (melded)
 h - a +0 pair of boots (melded)
 q - a +2 pair of gloves of strength (melded)
 u - a +0 buckler (worn)
Jewellery
 t - a ring of protection from fire (right branch)
 v - a +6 ring of dexterity (left branch)
Scrolls
 l - a scroll of poison
Potions
 c - 3 potions of ambrosia
 g - a potion of attraction
 i - a potion of haste {unknown}
 k - a potion of lignification
 n - 2 potions of cancellation
 o - 2 potions of mutation
 p - 2 potions of berserk rage {unknown}
 r - a potion of curing {unknown}


   Skills:
 + Level 6.7 Fighting
 + Level 1.5 Short Blades
 + Level 1.5 Long Blades
 + Level 6.7 Axes
 + Level 1.5 Maces & Flails
 + Level 1.5 Polearms
 + Level 1.5 Staves
 + Level 1.5 Ranged Weapons
 + Level 1.5 Throwing
 + Level 1.5 Armour
 + Level 6.7 Dodging
 + Level 4.4 Stealth
 + Level 1.5 Shields
 + Level 1.5 Unarmed Combat
 + Level 1.5 Spellcasting
 + Level 1.2 Conjurations
 + Level 1.2 Hexes
 + Level 1.2 Summonings
 + Level 1.2 Necromancy
 + Level 1.2 Translocations
 + Level 1.2 Transmutations
 + Level 1.2 Fire Magic
 + Level 1.2 Ice Magic
 + Level 1.2 Air Magic
 + Level 1.2 Earth Magic
 + Level 1.2 Poison Magic
 + Level 1.7 Invocations
 + Level 1.5 Evocations


You had 7 spell levels left.
You didn't know any spells.
Your spell library contained the following spells:

 Spells                   Type           Power      Damage    Failure   Level
 Apportation              Tloc           4%         N/A       28%         1
 Kiss of Death            Conj/Necr      8%         2d6       28%         1
 Necrotise                Necr           8%         1d4       28%         1
 Summon Small Mammal      Summ           8%         N/A       28%         1
 Call Canine Familiar     Summ           2%         N/A       63%         3
 Confusing Touch          Hex            2%         N/A       63%         3
 Frozen Ramparts          Ice            4%         1d1       63%         3
 Summon Guardian Golem    Hex/Summ       2%         N/A       63%         3
 Dispel Undead            Necr           2%         3d7       95%         4
 Ice Form                 Ice/Tmut       2%         N/A       95%         4
 Summon Ice Beast         Ice/Summ       2%         N/A       95%         4


Dungeon Overview and Level Annotations

Branches:
Dungeon (3/15)

Altars:
Trog

Shops:
D:2 *


Innate Abilities, Weirdness & Mutations

You are a tree.
Your roots penetrate the ground, keeping you stationary.
You cannot be teleported.
You are immune to unholy pain and torment.
Your maximum health is greatly increased.
Your equipment is partially melded.
((You have very sharp teeth.))
Your uncanny sense of smell can sniff out nearby items.
Your experience applies equally to all skills.


Message History

The orc hits you with a +2 flail of protection.
* * * LOW HITPOINT WARNING * * *
The orc hits you with a +0 dagger.
* * * LOW HITPOINT WARNING * * *
You hit the orc but do no damage.
The orc is heavily wounded.
You block the orc's attack. The orc hits you but does no damage.
You block the orc's attack.
You closely miss the orc.
The orc is heavily wounded.
You hit the orc but do no damage.
The orc is heavily wounded.
The orc hits you but does no damage. x3
You hit the orc but do no damage.
The orc is heavily wounded.
You block the orc's attack. The orc hits you but does no damage. x2
You closely miss the orc.
The orc is heavily wounded.
You hit the orc but do no damage.
The orc is heavily wounded.
The orc priest looks braver for a moment.
The orc barely misses you. You block the orc's attack.
The orc hits you but does no damage.
You hit the orc but do no damage.
The orc is heavily wounded.
The orc hits you but does no damage. You block the orc's attack.
The orc hits you with a +2 flail of protection.
* * * LOW HITPOINT WARNING * * *
You hit the orc but do no damage.
The orc is heavily wounded.
You hit the orc but do no damage.
The orc is heavily wounded.
The orc hits you but does no damage. x2; The orc hits you with a +0 dagger.
* * * LOW HITPOINT WARNING * * *
You completely miss the orc.
The orc is heavily wounded.
The orc hits you with a +0 club.
* * * LOW HITPOINT WARNING * * *
The orc hits you with a +2 flail of protection!
You die...

# #.######## #.
#####################........# #.
#...............†............###.
.................####............
.................................
...............#.####........####
..##########.#.#.# #............
..######## #.#.)o####.#####......
..##....<# #.###♣oo##.........##.
#.##.##### #.# #o#o#############.
#.. ..# #oo... ........ ##. ..
.o###....########. ..#
###.......... ...# ##.#######.
...# #.# #. ∆ ....# ###..# #.
..... #.


You could see an orc priest and 7 orcs.

Vanquished Creatures
  2 orc priests (D:3)
  An orc wizard (D:3)
  An adder (D:3)
  2 worms
  5 orcs (D:3)
  An endoplasm (D:3)
  A giant cockroach (D:1)
  3 goblins
  6 hobgoblins
  2 quokkas
  4 ball pythons
  4 bats
  A frilled lizard (D:1)
  7 kobolds
  4 rats
44 creatures vanquished.

Notes
Turn   | Place    | Note
-------+----------+-------------------------------------------
     0 | D:1      | senseless the Gnoll Monk began the quest for the Orb.
     0 | D:1      | Reached XP level 1. HP: 23/23 MP: 1/1
    62 | D:1      | Found a faded altar of an unknown god.
    91 | D:1      | Reached XP level 2. HP: 27/29 MP: 2/2
   746 | D:2      | Reached XP level 3. HP: 35/35 MP: 3/3
   825 | D:2      | Found Ysiumih's General Store.
   854 | D:2      | Bought a scroll of identify for 28 gold pieces
   854 | D:2      | Bought a potion of attraction for 42 gold pieces
   854 | D:2      | Bought a potion of heal wounds for 70 gold pieces
   907 | D:2      | Found a bloodstained altar of Trog.
   937 | D:2      | Reached skill level 1 in Invocations
  1261 | D:3      | Reached skill level 1 in Short Blades
  1261 | D:3      | Reached skill level 1 in Long Blades
  1261 | D:3      | Reached skill level 1 in Maces & Flails
  1261 | D:3      | Reached skill level 1 in Polearms
  1261 | D:3      | Reached skill level 1 in Staves
  1261 | D:3      | Reached skill level 1 in Ranged Weapons
  1261 | D:3      | Reached skill level 1 in Throwing
  1261 | D:3      | Reached skill level 1 in Armour
  1261 | D:3      | Reached skill level 1 in Shields
  1261 | D:3      | Reached skill level 1 in Unarmed Combat
  1261 | D:3      | Reached skill level 1 in Spellcasting
  1261 | D:3      | Reached skill level 1 in Evocations
  1279 | D:3      | Reached skill level 1 in Conjurations
  1279 | D:3      | Reached skill level 1 in Hexes
  1279 | D:3      | Reached skill level 1 in Summonings
  1279 | D:3      | Reached skill level 1 in Necromancy
  1279 | D:3      | Reached skill level 1 in Translocations
  1279 | D:3      | Reached skill level 1 in Transmutations
  1279 | D:3      | Reached skill level 1 in Fire Magic
  1279 | D:3      | Reached skill level 1 in Ice Magic
  1279 | D:3      | Reached skill level 1 in Air Magic
  1279 | D:3      | Reached skill level 1 in Earth Magic
  1279 | D:3      | Reached skill level 1 in Poison Magic
  1279 | D:3      | Reached XP level 4. HP: 41/41 MP: 5/5
  1652 | D:3      | Reached XP level 5. HP: 33/47 MP: 5/7
  1682 | D:3      | Slain by an orc

Illustrated notes

Levels and vault maps discovered:
D:1:      elethiomel_arrival_shortcut, layout_basic,
          hellmonk_ecumenical_altar_zigzags, nrook_loot_triangle,
          minmay_statues_item
D:2:      layout_rooms, basic_altar, serial_shops, shop_statue
D:3:      layout_basic, trog_butcher_becter, gammafunk_ghost_nasty_kobolds,
          dreamdust_princess_bridge

Skill      XL: |  1  2  3 |
---------------+----------+-----
Invocations    | 1 |  1.7
Short Blades   | 1 |  1.5
Long Blades    | 1 |  1.5
Maces & Flails | 1 |  1.5
Polearms       | 1 |  1.5
Staves         | 1 |  1.5
Ranged Weapons | 1 |  1.5
Throwing       | 1 |  1.5
Armour         | 1 |  1.5
Shields        | 1 |  1.5
Unarmed Combat | 1 |  1.5
Spellcasting   | 1 |  1.5
Evocations     | 1 |  1.5
Conjurations   | 1 |  1.2
Hexes          | 1 |  1.2
Summonings     | 1 |  1.2
Necromancy     | 1 |  1.2
Translocations | 1 |  1.2
Transmutations | 1 |  1.2
Fire Magic     | 1 |  1.2
Ice Magic      | 1 |  1.2
Air Magic      | 1 |  1.2
Earth Magic    | 1 |  1.2
Poison Magic   | 1 |  1.2
Fighting       | |  6.7
Axes           | |  6.7
Dodging        | |  6.7
Stealth        | |  4.4

Action                     |  1- 3 |  4- 6 || total
---------------------------+-------+-------++-------
  Melee: Hand axe          |     2 |       ||     2
         Dagger            |    46 |    45 ||    91
         Bite              |     7 |       ||     7
   Fire: Sling             |    61 |    20 ||    81
    Use: Scroll            |     8 |     4 ||    12
         Potion            |     1 |     1 ||     2
 Armour: Robe              |     8 |       ||     8
         Skin              |       |    35 ||    35
  Dodge: Dodged            |    26 |     4 ||    30
  Block: Buckler           |       |    12 ||    12

Table legend: (Time is in decaauts)
 A = Elapsed time spent in this place.
 B = Non-inter-level travel time spent in this place.
 C = Inter-level travel time spent in this place.
 D = Time resting spent in this place.
 E = Time spent auto-exploring this place.
 F = Levels seen in this place.
 G = Mean time per level.
                   A        B        C        D        E       F      G
               +--------+--------+--------+--------+--------+-----+--------+
         Total |   1666 |   1567 |     99 |     48 |   1136 |   3 |  555.3 |
       Dungeon |   1666 |   1567 |     99 |     48 |   1136 |   3 |  555.3 |
               +--------+--------+--------+--------+--------+-----+--------+

Top non-repeatable levels by time:
     D:1: 644 daAuts
     D:2: 577 daAuts
     D:3: 444 daAuts
